AoeStats
← Draskard CL

Arena

510405519Analyzed
3v3 RM · 3d ago on Sep 30, 2026· 94m 56s· 6 players
Game mode
Random Map
Map size
Normal (6 player)
Population
200
Speed
Normal
Resources
Standard
Victory
Conquest
Starting age
Dark Age
Ending age
Imperial Age
RankedLock teamsTeams togetherTeam positionsShared explorationLock speedFull tech treeHidden civsTurbo modeCheats
Victory
Defeat
🇮🇱 Hindustanis · Israel
875
+15
🇮🇱 Portuguese · Israel
854
+16
🇮🇱 Lithuanians · Israel
834
+17
🇦🇷 Khmer · Argentina
880
-17
🇨🇱 Franks · Chile
858
-16
🇺🇸 Burgundians · United States
836
-15
Troyan sus
9:31 Feudal Age
10:49 Wheelbarrow
10:02 Double-Bit Axe
9:59 Horse Collar
18:24 Castle Age
16:27 Stone Mining
16:28 Gold Mining
18:32 Fletching
19:42 Hand Cart
21:45 Stone Shaft Mining
21:39 Bow Saw
31:15 Imperial Age
28:59 Husbandry
29:52 Ballistics
29:27 Murder Holes
32:46 Conscription
31:47 Elite Organ Gun
34:03 Heavy Plow
35:08 Two-Man Saw
34:15 Arquebus
34:18 Bodkin Arrow
35:32 Caravan
35:20 Cavalier
36:14 Bloodlines
36:18 Forging
37:43 Pikeman
38:17 Halberdier
48:26 Light Cavalry
54:51 Iron Casting
54:22 Scale Barding Armor
54:18 Bracer
55:59 Crop Rotation
64:11 Blast Furnace
65:58 Chain Barding Armor
76:00 Onager
81:13 Chemistry
Hello
11:02 Feudal Age
11:37 Double-Bit Axe
11:39 Horse Collar
12:27 Gold Mining
18:56 Castle Age
16:54 Town Watch
19:55 Husbandry
20:39 Bow Saw
21:21 Wheelbarrow
21:59 Heavy Plow
21:51 Stone Mining
22:13 Scale Barding Armor
23:38 Hand Cart
25:16 Chain Barding Armor
25:07 Forging
31:09 Imperial Age
31:39 Bloodlines
32:47 Plate Barding Armor
32:48 Iron Casting
31:39 Elite Leitis
32:59 Iron Casting
34:43 Crop Rotation
35:02 Plate Barding Armor
35:37 Stone Shaft Mining
35:58 Fletching
38:02 Conscription
37:44 Tower Shields
54:16 Man-at-Arms
54:16 Pikeman
55:01 Squires
54:46 Arson
55:47 Bodkin Arrow
55:53 Padded Archer Armor
55:53 Scale Mail Armor
55:26 Halberdier
56:49 Town Patrol
58:53 Chain Mail Armor
60:08 Man-at-Arms
60:19 Elite Skirmisher
62:42 Leather Archer Armor
62:27 Bracer
64:41 Chemistry
64:01 Ballistics
poopinator
9:56 Feudal Age
10:56 Double-Bit Axe
13:07 Wheelbarrow
13:49 Horse Collar
19:55 Castle Age
18:59 Man-at-Arms
21:01 Hand Cart
20:50 Stone Mining
22:29 Forging
22:21 Scale Mail Armor
23:30 Bow Saw
23:29 Gold Mining
24:15 Stone Shaft Mining
25:48 Gold Shaft Mining
26:21 Husbandry
26:32 Bloodlines
32:42 Imperial Age
30:18 Grand Trunk Road
31:20 Scale Barding Armor
32:31 Heavy Plow
33:24 Heavy Camel Rider
35:44 Conscription
36:25 Chain Barding Armor
36:40 Iron Casting
35:39 Imperial Camel Rider
38:37 Chain Mail Armor
39:23 Blast Furnace
43:05 Light Cavalry
44:24 Elite Ghulam
46:22 Caravan
48:11 Hussar
59:30 Plate Barding Armor
69:47 Two-Man Saw
Draskard CL
11:42 Feudal Age
16:07 Castle Age
16:41 Double-Bit Axe
16:49 Stone Mining
21:38 Gold Mining
25:13 Wheelbarrow
25:48 Town Watch
26:11 Scale Barding Armor
26:16 Forging
26:06 Loom
28:18 Hand Cart
29:12 Chain Barding Armor
29:27 Iron Casting
29:20 Squires
29:33 Pikeman
34:16 Imperial Age
33:46 Scale Mail Armor
35:03 Chain Mail Armor
35:23 Iron Casting
34:57 Chivalry
35:19 Conscription
34:28 Cavalier
35:02 Halberdier
38:10 Paladin
38:51 Husbandry
39:47 Conscription
40:52 Light Cavalry
42:30 Plate Barding Armor
42:28 Bow Saw
43:51 Blast Furnace
49:06 Plate Mail Armor
57:42 Gold Shaft Mining
57:33 Capped Ram
60:11 Hoardings
68:48 Elite Skirmisher
71:22 Fletching
71:33 Padded Archer Armor
71:10 Onager
75:14 Arson
76:32 Leather Archer Armor
76:12 Bodkin Arrow
henry j.waternoose
11:53 Feudal Age
10:53 Double-Bit Axe
11:18 Horse Collar
18:09 Castle Age
16:43 Bow Saw
22:18 Wheelbarrow
21:29 Town Watch
23:08 Forging
23:20 Heavy Plow
31:13 Imperial Age
30:03 Hand Cart
32:06 Elite Skirmisher
32:50 Loom
34:09 Two-Man Saw
33:23 Husbandry
33:21 Fletching
33:32 Padded Archer Armor
34:18 Gold Mining
34:19 Stone Mining
36:26 Bodkin Arrow
36:37 Scale Barding Armor
37:50 Iron Casting
38:05 Conscription
39:34 Elite Coustillier
41:06 Gold Shaft Mining
41:49 Blast Furnace
41:21 Squires
40:42 Pikeman
43:00 Bracer
43:01 Scale Mail Armor
45:27 Chain Mail Armor
46:27 Burgundian Vineyards
46:36 Town Patrol
47:09 Crop Rotation
47:25 Chain Barding Armor
48:01 Halberdier
49:55 Ballistics
49:47 Masonry
49:18 Treadmill Crane
53:48 Plate Mail Armor
54:43 Caravan
55:50 Arson
91:40 Man-at-Arms
93:58 Plate Barding Armor
AFBSXLE
9:35 Feudal Age
10:45 Double-Bit Axe
15:33 Castle Age
15:34 Wheelbarrow
17:29 Bow Saw
27:45 Husbandry
27:55 Bloodlines
28:04 Bloodlines
28:58 Hand Cart
33:35 Imperial Age
32:55 Scale Barding Armor
35:37 Gold Mining
35:38 Stone Mining
35:47 Stone Mining
36:01 Cavalier
39:34 Heavy Scorpion
41:05 Conscription
40:49 Double Crossbow
41:57 Ballistics
42:39 Chemistry
43:18 Pikeman
44:28 Chain Barding Armor
44:09 Padded Archer Armor
43:59 Fletching
44:21 Forging
44:12 Scale Mail Armor
44:21 Scale Mail Armor
44:12 Fletching
43:57 Halberdier
49:13 Elite Battle Elephant
56:08 Caravan
Connection lost

Rejoining the realm…

Still unreachable

The connection could not be restored.

Session expired

The server has moved on; the page needs a fresh start.